TOP OF THE 1ST |
Springfield Simpsons batting - Pitching for Wilmington Rebels : RHP Kip Brown
|
Pitching: RHP Kip Brown
|
|
Batting: LHB Jesús Raugel
|
0-0: Ball 1-0: SINGLE (Line Drive, 4M)
|
Batting: RHB Esteban Salas
|
0-0: Ball 1-0: Swinging Strike 1-1: Foul Ball, location: 2F 1-2: Ball 2-2: Ball 3-2: SINGLE (Groundball, 5D) Jesús Raugel to second Jesús Raugel to third
|
Batting: RHB Jorge Collazo
|
0-0: Called Strike 0-1: Foul Ball, location: 2F 0-2: Strikes out swinging
|
Batting: LHB Carlos De La Rosa
|
0-0: Ball 1-0: Swinging Strike 1-1: SINGLE (Line Drive, 6M) Jesús Raugel scores Esteban Salas to second
|
Batting: LHB Todd Anderson
|
0-0: Ball 1-0: Ball 2-0: Called Strike 2-1: Foul Ball, location: 2F 2-2: Foul Ball, location: 2F 2-2: Ball 3-2: Base on Balls Esteban Salas to third Carlos De La Rosa to second
|
Batting: RHB Bob Carr
|
0-0: Ball 1-0: SINGLE (Groundball, 56D) Esteban Salas scores Carlos De La Rosa to third Todd Anderson to second Runner from 3rd tries for Home, SAFE, no throw
|
Batting: RHB Joe Zapata
|
0-0: Called Strike 0-1: Called Strike 0-2: Foul Ball, location: 2F 0-2: Foul Ball, location: 2F 0-2: Foul Ball, location: 2F 0-2: Foul Ball, location: 2F 0-2: Ball 1-2: Ball 2-2: Ball 3-2: Fly out, F9 (Flyball, 9)
|
Batting: SHB Jorge García
|
0-0: Called Strike 0-1: Ball 1-1: Fielders Choice at 2nd, U4 (Groundball, 4M)
|
Top of the 1st over - 3 run(s), 4 hit(s), 0 error(s), 2 left on base; Springfield 3 - Wilmington 0 |
BOTTOM OF THE 1ST |
Wilmington Rebels batting - Pitching for Springfield Simpsons : RHP Carl Henry
|
Pitching: RHP Carl Henry
|
|
Batting: SHB Charles Alexander
|
0-0: Foul Ball, location: 2F 0-1: Foul Ball, location: 2F 0-2: Ball 1-2: Ball 2-2: Ball 3-2: Foul Ball, location: 2F 3-2: Base on Balls
|
Batting: RHB Roy MacCluskie
|
0-0: Ball 1-0: Ball 2-0: Ball 3-0: Called Strike 3-1: Foul Ball, location: 2F 3-2: Foul Ball, location: 2F 3-2: Base on Balls Charles Alexander to second
|
Batting: RHB Enrico Bonizo
|
0-0: Foul Ball, location: 2F 0-1: Ball 1-1: Ball 2-1: Swinging Strike 2-2: Strikes out swinging
|
Batting: LHB Denny Poole
|
0-0: Ball 1-0: Fly out, F4 (Popup, 4)
|
Batting: RHB Francisco Tańón
|
0-0: Called Strike 0-1: Foul Ball, location: 2F 0-2: Ball 1-2: Ground out 4-3 (Groundball, 4S)
|
Bottom of the 1st over - 0 run(s), 0 hit(s), 0 error(s), 2 left on base; Springfield 3 - Wilmington 0 |
TOP OF THE 2ND |
Springfield Simpsons batting - Pitching for Wilmington Rebels : RHP Kip Brown
|
Batting: RHB Roberto Solís
|
0-0: Ball 1-0: Foul Ball, location: 2F 1-1: Called Strike 1-2: Fly out, F8 (Flyball, 8RM)
|
Batting: LHB Jesús Raugel
|
0-0: Ball 1-0: Foul Ball, location: 2F 1-1: Swinging Strike 1-2: Ball 2-2: Foul Ball, location: 2F 2-2: Strikes out swinging
|
Batting: RHB Esteban Salas
|
0-0: Foul Ball, location: 2F 0-1: Swinging Strike 0-2: Ball 1-2: Ball 2-2: Foul Ball, location: 2F 2-2: Fly out, F4 (Popup, 34D)
|
Top of the 2nd over - 0 run(s), 0 hit(s), 0 error(s), 0 left on base; Springfield 3 - Wilmington 0 |
BOTTOM OF THE 2ND |
Wilmington Rebels batting - Pitching for Springfield Simpsons : RHP Carl Henry
|
Batting: RHB Al Reese
|
0-0: Hit by Pitch
|
Batting: RHB Jessie Thompson
|
0-0: Ball 1-0: Ball 2-0: Fly out, F9 (Flyball, 89D)
|
Batting: LHB Chandler Hubbard
|
0-0: Ball 1-0: Called Strike 1-1: Ball 2-1: Fly out, F7 (Flyball, 7LMF)
|
Batting: RHB Joey Boyd
|
0-0: Ball 1-0: Ball 2-0: Swinging Strike 2-1: Ground out 5-3 (Groundball, 5S)
|
Bottom of the 2nd over - 0 run(s), 0 hit(s), 0 error(s), 1 left on base; Springfield 3 - Wilmington 0 |
TOP OF THE 3RD |
Springfield Simpsons batting - Pitching for Wilmington Rebels : RHP Kip Brown
|
Batting: RHB Jorge Collazo
|
0-0: Called Strike 0-1: Ball 1-1: Ball 2-1: Ball 3-1: Base on Balls
|
Batting: LHB Carlos De La Rosa
|
0-0: Ball Wild Pitch! Jorge Collazo to second 1-0: Ball Jorge Collazo steals 3rd base 2-0: Foul Ball, location: 2F 2-1: Ball 3-1: Called Strike 3-2: Strikes out swinging
|
Batting: LHB Todd Anderson
|
0-0: Called Strike 0-1: Ball 1-1: Called Strike 1-2: Ground out U3 (Groundball, 3L)
|
Batting: RHB Bob Carr
|
0-0: Called Strike 0-1: Ball 1-1: 2-RUN HOME RUN (Flyball, 7D), Distance : 392 ft
|
Batting: RHB Joe Zapata
|
0-0: Foul Ball, location: 2F 0-1: Ground out 1-3 (Groundball, 15)
|
Top of the 3rd over - 2 run(s), 1 hit(s), 0 error(s), 0 left on base; Springfield 5 - Wilmington 0 |
BOTTOM OF THE 3RD |
Wilmington Rebels batting - Pitching for Springfield Simpsons : RHP Carl Henry
|
Batting: SHB Charles Alexander
|
0-0: Called Strike 0-1: Ball 1-1: Swinging Strike 1-2: Ball 2-2: Ball 3-2: Base on Balls
|
Batting: RHB Roy MacCluskie
|
0-0: Ball 1-0: Called Strike 1-1: Foul Ball, location: 2F 1-2: Foul Ball, location: 2F 1-2: Ball 2-2: Ball 3-2: SINGLE (Groundball, 34D) Charles Alexander to second Runner from 2nd tries for 3rd, OUT!
|
Batting: RHB Enrico Bonizo
|
0-0: 2-RUN HOME RUN (Flyball, 7D), Distance : 377 ft
|
Batting: LHB Denny Poole
|
0-0: Foul Ball, location: 2F 0-1: Foul Ball, location: 2F 0-2: Strikes out swinging
|
Batting: RHB Francisco Tańón
|
0-0: Foul Ball, location: 2F 0-1: Called Strike 0-2: Ball 1-2: Ball 2-2: Foul Ball, location: 2F 2-2: Ball 3-2: Foul Ball, location: 2F 3-2: Strikes out swinging
|
Bottom of the 3rd over - 2 run(s), 2 hit(s), 0 error(s), 0 left on base; Springfield 5 - Wilmington 2 |
TOP OF THE 4TH |
Springfield Simpsons batting - Pitching for Wilmington Rebels : RHP Kip Brown
|
Batting: SHB Jorge García
|
0-0: Ball 1-0: Ball 2-0: Ball 3-0: Base on Balls
|
Batting: RHB Roberto Solís
|
0-0: Called Strike 0-1: Called Strike 0-2: Ball 1-2: Strikes out looking
|
Batting: LHB Jesús Raugel
|
0-0: Ground out U3 (Groundball, 3) Jorge García to second
|
Batting: RHB Esteban Salas
|
0-0: Ball 1-0: Called Strike 1-1: Ball 2-1: Swinging Strike 2-2: Ball 3-2: Foul Ball, location: 2F 3-2: Fly out, F8 (Flyball, 8LS)
|
Top of the 4th over - 0 run(s), 0 hit(s), 0 error(s), 1 left on base; Springfield 5 - Wilmington 2 |
BOTTOM OF THE 4TH |
Wilmington Rebels batting - Pitching for Springfield Simpsons : RHP Carl Henry
|
Batting: RHB Al Reese
|
0-0: Called Strike 0-1: Ball 1-1: DOUBLE (Groundball, 5L)
|
Batting: RHB Jessie Thompson
|
0-0: SINGLE (Groundball, 56D) Al Reese to third Runner from 3rd tries for Home, SAFE, throw made home Jessie Thompson to second
|
Batting: LHB Chandler Hubbard
|
0-0: Called Strike 0-1: Called Strike 0-2: Ball 1-2: Ball 2-2: DOUBLE (Line Drive, 78XD) Jessie Thompson scores
|
Batting: RHB Joey Boyd
|
0-0: Fly out, F7 (Line Drive, 7LD) Runner from 2nd tags up, SAFE at 3rd, no throw
|
Batting: SHB Charles Alexander
|
0-0: Fly out, F7 (Flyball, 78S)
|
Batting: RHB Roy MacCluskie
|
0-0: Foul Ball, location: 2F 0-1: Called Strike 0-2: Foul Ball, location: 2F 0-2: Ball 1-2: Foul Ball, location: 2F 1-2: Ball 2-2: Ball 3-2: Fly out, F3 (Flyball, 3D)
|
Bottom of the 4th over - 2 run(s), 3 hit(s), 0 error(s), 1 left on base; Springfield 5 - Wilmington 4 |
TOP OF THE 5TH |
Springfield Simpsons batting - Pitching for Wilmington Rebels : RHP Kip Brown
|
Batting: RHB Jorge Collazo
|
0-0: Ball 1-0: Ball 2-0: Foul Ball, location: 2F 2-1: Ball 3-1: Called Strike 3-2: Foul Ball, location: 2F 3-2: Ground out 5-3 (Groundball, 5)
|
Pitching: LHP Edwin King
|
|
Batting: LHB Carlos De La Rosa
|
0-0: Called Strike 0-1: SINGLE (Line Drive, 89S)
|
Batting: LHB Todd Anderson
|
0-0: Called Strike 0-1: Swinging Strike 0-2: Strikes out looking
|
Batting: RHB Bob Carr
|
0-0: Called Strike 0-1: Ball 1-1: Foul Ball, location: 2F 1-2: Ball Carlos De La Rosa steals 2nd base 2-2: Foul Ball, location: 2F 2-2: DOUBLE (Line Drive, 9LM) Carlos De La Rosa scores
|
Batting: RHB Joe Zapata
|
0-0: Foul Ball, location: 2F 0-1: Ball 1-1: Fly out, F6 (Popup, 6D)
|
Top of the 5th over - 1 run(s), 2 hit(s), 0 error(s), 1 left on base; Springfield 6 - Wilmington 4 |
BOTTOM OF THE 5TH |
Wilmington Rebels batting - Pitching for Springfield Simpsons : RHP Carl Henry
|
Batting: RHB Enrico Bonizo
|
0-0: DOUBLE (Flyball, 78M)
|
Batting: LHB Denny Poole
|
0-0: Ball 1-0: Foul Ball, location: 2F 1-1: Called Strike Enrico Bonizo steals 3rd base 1-2: Foul Ball, location: 2F 1-2: Ball 2-2: Ball 3-2: Base on Balls
|
Batting: RHB Francisco Tańón
|
0-0: Ball 1-0: Called Strike 1-1: Ball 2-1: SINGLE (Line Drive, 34D) Enrico Bonizo scores Denny Poole to second
|
Pitching: RHP Cristián Torres
|
|
Batting: RHB Al Reese
|
0-0: Ball 1-0: SINGLE (Groundball, 34D) Denny Poole to third Francisco Tańón to second
|
Batting: RHB Jessie Thompson
|
0-0: Ball 1-0: Foul Ball, location: 2F 1-1: Fly out, F9 (Flyball, 9S)
|
Batting: LHB Chandler Hubbard
|
0-0: Called Strike 0-1: Ball 1-1: Foul Ball, location: 2F 1-2: Foul Ball, location: 2F 1-2: Ball 2-2: Ground out 6-3 (Groundball, 6MS) Denny Poole scores Francisco Tańón to third Al Reese to second
|
Batting: RHB Joey Boyd
|
0-0: Ground out 1-3 (Groundball, 13S)
|
Bottom of the 5th over - 2 run(s), 3 hit(s), 0 error(s), 2 left on base; Springfield 6 - Wilmington 6 |
TOP OF THE 6TH |
Springfield Simpsons batting - Pitching for Wilmington Rebels : LHP Edwin King
|
Batting: SHB Jorge García
|
0-0: Ball 1-0: Foul Ball, location: 2F 1-1: Ball 2-1: Foul Ball, location: 2F 2-2: Foul Ball, location: 2F 2-2: Ground out 6-3 (Groundball, 6)
|
Batting: RHB Roberto Solís
|
0-0: Ground out 6-3 (Groundball, 56)
|
Batting: LHB Jesús Raugel
|
0-0: Called Strike 0-1: Foul Ball, location: 2F 0-2: SINGLE (Groundball, 4) (infield hit)
|
Batting: RHB Esteban Salas
|
0-0: Ball 1-0: Swinging Strike 1-1: Ball 2-1: SINGLE (Line Drive, 3) Jesús Raugel to second Runner from 2nd tries for 3rd, SAFE, no throw
|
Batting: RHB Jorge Collazo
|
0-0: Foul Ball, location: 2F 0-1: Ball 1-1: SINGLE (Groundball, 56D) Jesús Raugel scores Esteban Salas to second
|
Batting: LHB Carlos De La Rosa
|
0-0: Ball 1-0: Fielders Choice at 2nd, 4-6 (Groundball, 4)
|
Top of the 6th over - 1 run(s), 3 hit(s), 0 error(s), 1 left on base; Springfield 7 - Wilmington 6 |
BOTTOM OF THE 6TH |
Wilmington Rebels batting - Pitching for Springfield Simpsons : RHP Cristián Torres
|
Batting: SHB Charles Alexander
|
0-0: Ball 1-0: Ball 2-0: Ground out 4-3 (Groundball, 4)
|
Batting: RHB Roy MacCluskie
|
0-0: Ball 1-0: Ball 2-0: Called Strike 2-1: Ball 3-1: Foul Ball, location: 2F 3-2: Base on Balls
|
Batting: RHB Enrico Bonizo
|
0-0: Ball 1-0: Fly out, F9 (Flyball, 89D)
|
Batting: LHB Denny Poole
|
0-0: Called Strike 0-1: Ball 1-1: Foul Ball, location: 2F 1-2: Foul Ball, location: 2F 1-2: Fly out, F7 (Flyball, 7LS)
|
Bottom of the 6th over - 0 run(s), 0 hit(s), 0 error(s), 1 left on base; Springfield 7 - Wilmington 6 |
TOP OF THE 7TH |
Springfield Simpsons batting - Pitching for Wilmington Rebels : LHP Edwin King
|
Batting: LHB Todd Anderson
|
0-0: Called Strike 0-1: Ground out 4-3 (Groundball, 4)
|
Batting: RHB Bob Carr
|
0-0: Called Strike 0-1: Ball 1-1: Ball 2-1: Ground out 6-3 (Groundball, 6)
|
Batting: RHB Joe Zapata
|
0-0: Ball 1-0: Ball 2-0: Ball 3-0: Called Strike 3-1: Base on Balls
|
Pinch Hitting: LHB Mitchell Oglethorpe
|
0-0: Ball 1-0: SINGLE (Line Drive, 4MD) Joe Zapata to second
|
Batting: RHB Roberto Solís
|
0-0: Ball 1-0: Ball 2-0: Called Strike 2-1: Foul Ball, location: 2F 2-2: DOUBLE (Flyball, 9LM) Joe Zapata scores Mitchell Oglethorpe to third Runner from 3rd tries for Home, SAFE, no throw
|
Pitching: LHP Edgar Michael
|
|
Batting: LHB Jesús Raugel
|
0-0: Ball 1-0: Called Strike 1-1: Foul Ball, location: 2F 1-2: Foul Ball, location: 2F 1-2: Foul Ball, location: 2F 1-2: Ball 2-2: Ball 3-2: Foul Ball, location: 2F 3-2: Strikes out swinging
|
Top of the 7th over - 2 run(s), 2 hit(s), 0 error(s), 1 left on base; Springfield 9 - Wilmington 6 |
BOTTOM OF THE 7TH |
Wilmington Rebels batting - Pitching for Springfield Simpsons : RHP Cristián Torres
|
Now at 1B: Mitchell Oglethorpe
|
|
Batting: RHB Francisco Tańón
|
0-0: Ball 1-0: Ball 2-0: SINGLE (Groundball, 3L) (infield hit)
|
Batting: RHB Al Reese
|
0-0: Ball 1-0: Foul Ball, location: 2F 1-1: Ball Francisco Tańón steals 2nd base 2-1: Ball 3-1: Foul Ball, location: 2F 3-2: SINGLE (Flyball, 9LS) Francisco Tańón to third
|
Batting: RHB Jessie Thompson
|
0-0: Ball 1-0: Ball 2-0: Ball 3-0: Called Strike 3-1: Fly out, F8 (Flyball, 8RM) Runner from 3rd tags up, SCORES, no throw
|
Pitching: LHP Justin Short
|
|
Batting: LHB Chandler Hubbard
|
0-0: Called Strike 0-1: Ball 1-1: Ball 2-1: Foul Ball, location: 2F 2-2: SINGLE (Line Drive, 8LS) Al Reese to second
|
Batting: RHB Joey Boyd
|
0-0: Grounds into double play, 6-4-3 (Groundball, 6D)
|
Bottom of the 7th over - 1 run(s), 3 hit(s), 0 error(s), 1 left on base; Springfield 9 - Wilmington 7 |
TOP OF THE 8TH |
Springfield Simpsons batting - Pitching for Wilmington Rebels : LHP Edgar Michael
|
Pitching: RHP Manuel Ferreira
|
|
Batting: RHB Esteban Salas
|
0-0: Ball 1-0: Called Strike 1-1: Foul Ball, location: 2F 1-2: Foul Ball, location: 2F 1-2: Ball 2-2: Ground out 6-3 (Groundball, 6)
|
Batting: RHB Jorge Collazo
|
0-0: Ball 1-0: Ball 2-0: Ball 3-0: Called Strike 3-1: Ground out 6-3 (Groundball, 6)
|
Batting: LHB Carlos De La Rosa
|
0-0: Called Strike 0-1: Ball 1-1: SINGLE (Groundball, 34D)
|
Batting: LHB Todd Anderson
|
0-0: Ball 1-0: Ground out 1-3 (Groundball, 15S)
|
Top of the 8th over - 0 run(s), 1 hit(s), 0 error(s), 1 left on base; Springfield 9 - Wilmington 7 |
BOTTOM OF THE 8TH |
Wilmington Rebels batting - Pitching for Springfield Simpsons : LHP Justin Short
|
Batting: SHB Charles Alexander
|
0-0: Ball 1-0: Swinging Strike 1-1: Called Strike 1-2: Ground out 4-3 (Groundball, 4)
|
Batting: RHB Roy MacCluskie
|
0-0: SINGLE (Flyball, 6MD)
|
Pitching: RHP Arthur Green
|
|
Batting: RHB Enrico Bonizo
|
0-0: Swinging Strike 0-1: Foul Ball, location: 2F 0-2: Ball 1-2: Ball 2-2: Strikes out swinging
|
Batting: LHB Denny Poole
|
0-0: Ball 1-0: Single, Error in OF, E9, batter to second base Roy MacCluskie to third
|
Pinch Hitting: LHB David Cháves
|
0-0: Ball 1-0: Foul Ball, location: 2F 1-1: Ball 2-1: Ball 3-1: Ground out 4-3 (Groundball, 4)
|
Bottom of the 8th over - 0 run(s), 2 hit(s), 1 error(s), 2 left on base; Springfield 9 - Wilmington 7 |
TOP OF THE 9TH |
Springfield Simpsons batting - Pitching for Wilmington Rebels : RHP Manuel Ferreira
|
Now in RF: David Cháves
|
|
Batting: RHB Bob Carr
|
0-0: Foul Ball, location: 2F 0-1: Swinging Strike 0-2: Strikes out swinging
|
Batting: RHB Joe Zapata
|
0-0: Called Strike 0-1: DOUBLE (Flyball, 8RXD)
|
Batting: LHB Mitchell Oglethorpe
|
0-0: Intentional Walk
|
Pinch Hitting: LHB Bruce Foster
|
0-0: Foul Ball, location: 2F 0-1: Foul Ball, location: 2F 0-2: Ball 1-2: SINGLE (Line Drive, 89S) Joe Zapata to third Mitchell Oglethorpe to second
|
Batting: LHB Jesús Raugel
|
0-0: Called Strike 0-1: Ball 1-1: Ball 2-1: Foul Ball, location: 2F 2-2: Ball 3-2: SINGLE (Flyball, 8RS) Joe Zapata scores Mitchell Oglethorpe to third Bruce Foster to second Runner from 3rd tries for Home, SAFE, throw made home Bruce Foster to third Jesús Raugel to second
|
Batting: RHB Esteban Salas
|
0-0: Ball 1-0: Called Strike 1-1: Foul Ball, location: 2F 1-2: Ball 2-2: Ball 3-2: Base on Balls
|
Batting: RHB Jorge Collazo
|
0-0: Ball 1-0: Called Strike 1-1: Swinging Strike 1-2: Ball 2-2: Foul Ball, location: 2F 2-2: Foul Ball, location: 2F 2-2: Grounds into fielders choice 1-2 (Groundball, 13) Jesús Raugel to third Esteban Salas to second
|
Batting: LHB Carlos De La Rosa
|
0-0: Ball 1-0: Fly out, F7 (Flyball, 7S)
|
Top of the 9th over - 2 run(s), 3 hit(s), 0 error(s), 3 left on base; Springfield 11 - Wilmington 7 |
BOTTOM OF THE 9TH |
Wilmington Rebels batting - Pitching for Springfield Simpsons : RHP Arthur Green
|
Pitching: LHP David Taylor
|
|
Now at C: Kawanari Hara
|
|
Batting: RHB Al Reese
|
0-0: Ball 1-0: Ball 2-0: Called Strike 2-1: Ball 3-1: Reached on error, E5 (Groundball, 5)
|
Batting: RHB Jessie Thompson
|
0-0: Ball 1-0: Swinging Strike 1-1: Ball 2-1: Fielders Choice at 2nd, 5-4 (Groundball, 56)
|
Batting: LHB Chandler Hubbard
|
0-0: Called Strike 0-1: Ball 1-1: Ball 2-1: Swinging Strike 2-2: Ball 3-2: Foul Ball, location: 2F 3-2: Fly out, F7 (Flyball, 7LS)
|
Batting: RHB Joey Boyd
|
0-0: Swinging Strike 0-1: Ball 1-1: Ball 2-1: Swinging Strike 2-2: Strikes out looking
|
Bottom of the 9th over - 0 run(s), 0 hit(s), 1 error(s), 1 left on base; Springfield 11 - Wilmington 7 |
|